 Dungeon Crawl Stone Soup version 0.29-a0-474-gdfe5cd140f (webtiles) character file.

Game seed: 16897682935336515388

56 pascalblue the Firebug (level 3, -7/19 HPs)
             Began as a Deep Elf Fire Elementalist on May 23, 2022.
             Killed from afar by Natasha (11 damage)
             ... with a puff of flame
             ... on level 2 of the Dungeon.
             The game lasted 00:03:26 (1099 turns).

pascalblue the Firebug (Deep Elf Fire Elementalist) Turns: 1099, Time: 00:03:26

Health: -7/19      AC:  4    Str:  5    XL:     3   Next: 71%
Magic:  5/9        EV: 12    Int: 21    God:
Gold:   37         SH:  0    Dex: 15    Spells: 5/8 levels left

rFire   . . .      SeeInvis .   (no weapon)
rCold   . . .      Faith    .   (no shield)
rNeg    . . .      Spirit   .   a - +0 robe
rPois   +          Reflect  .   (no helmet)
rElec   .          Harm     .   (no cloak)
rCorr   .          Rampage  .   d - +0 pair of gloves
Will    .....                   i - +0 pair of boots
Stlth   ++........              (no amulet)
HPRegen 0.06/turn               c - ring of poison resistance
MPRegen 0.11/turn               (no ring)

@: slowed, very slow
A: no striking features
a: no special abilities


You were on level 2 of the Dungeon.
You visited 1 branch of the dungeon, and saw 2 of its levels.

You collected 37 gold pieces.

Inventory:

Hand Weapons
 k - a +0 short sword
Armour
 a - a +0 robe (worn)
 d - a +0 pair of gloves (worn)
 i - a +0 pair of boots (worn)
Magical Staves
 j - a staff of poison
Jewellery
 c - a ring of poison resistance (left hand)
Scrolls
 e - 2 scrolls of enchant armour {unknown}
 f - a scroll of blinking {unknown}
 g - a scroll of fog {unknown}
Potions
 b - a potion of magic
 h - a potion of flight {unknown}


   Skills:
 - Level 2.4 Dodging
 - Level 2.4 Stealth
 + Level 3.3 Spellcasting
 + Level 1.2 Conjurations
 * Level 5.0 Fire Magic


You had 5 spell levels left.
You knew the following spells:

 Your Spells              Type           Power      Damage    Failure   Level
a - Foxfire               Conj/Fire      64%        2x1d7     3%          1
b - Scorch                Fire           48%        2d7       2%          2

Your spell library contained the following spells:

 Spells                   Type           Power      Damage    Failure   Level
 Conjure Flame            Conj/Fire      16%        6-21      11%         3
 Sandblast                Erth           6%         2d5       13%         1
 Inner Flame              Hex/Fire       14%        N/A       14%         3
 Passwall                 Tmut/Erth      2%         N/A       19%         2
 Stone Arrow              Conj/Erth      12%        3d7       30%         3
 Flame Wave               Conj/Fire      16%        2d6       34%         4
 Borgnjor's Revivificati  Necr           1%         N/A       100%        8
 Necromutation            Tmut/Necr      1%         N/A       100%        8
 Death's Door             Necr           1%         N/A       100%        9


Dungeon Overview and Level Annotations

Branches:
Dungeon (2/15)

Altars:

Annotations:
D:2 Natasha


Message History

You feel clever. x2
Found a short sword.
Natasha, Servant of Life and Death comes into view.
Natasha hisses angrily.
Natasha casts a spell.
Casting: Foxfire (safe; 4% risk of failure)
Confirm with . or Enter, or press ? or * to list all spells.
You conjure some foxfire!
The foxfire hits the shadow imp.
The shadow imp is moderately wounded.
Natasha misses you.
Casting: Foxfire (safe; 4% risk of failure)
Confirm with . or Enter, or press ? or * to list all spells.
Flames lash Natasha.
Natasha is severely wounded.
Natasha's fire resistance burns away.
The foxfire hits Natasha but does no damage.
Natasha is severely wounded.
Natasha claws you.
Casting: Scorch (safe; 3% risk of failure)
Confirm with . or Enter, or press ? or * to list all spells.
Flames lash Natasha.
Natasha is burned terribly!
You kill Natasha!
Natasha screams in pain as she dies!
The shadow imp disappears in a puff of smoke!
Your Fire Magic skill increases to level 5!
Unknown command.
You now have 37 gold pieces (gained 14).
Natasha, Servant of Life and Death comes into view.
She is carrying a wand of flame (23).
Natasha casts a spell at you.
You feel yourself slow down.
You see here a +0 short sword.
k - a +0 short sword Natasha drinks a potion.
Natasha seems to speed up.
Found 21 stones.
Natasha zaps a wand.
The puff of flame hits you!
Ouch! That really hurt!
* * * LOW HITPOINT WARNING * * *
Natasha zaps a wand.
The puff of flame hits you!
Ouch! That really hurt!
You die...

##.##############.#
#.................#
##.##############.# #.#
#.# ### #.#
#######.#... #.#
......#.#.### #.#
###.†.....# #.#
#.....#.#.# #.#
#######@##..#.#.# #.#
.(.......h.>......
#.##############.###.#.
#.................. ..
#########......#.###...
#..............#
#.#†.....#.###.#
#.#......#.# #.#......#


You could see Natasha (fast).

Vanquished Creatures
  Natasha (D:2)
  An adder (D:2)
  A dart slug (D:1)
  A bat (D:2)
  An endoplasm (D:1)
  A giant cockroach (D:1)
  6 hobgoblins
  3 ball pythons
  2 frilled lizards
  A kobold (D:1)
  2 rats (D:1)
20 creatures vanquished.

Vanquished Creatures (others)
  47 foxfires
47 creatures vanquished.

Grand Total: 67 creatures vanquished

Notes
Turn   | Place    | Note
-------+----------+-------------------------------------------
     0 | D:1      | pascalblue the Deep Elf Fire Elementalist began the quest
                  | for the Orb.
     0 | D:1      | Reached XP level 1. HP: 10/10 MP: 6/6
   502 | D:1      | Reached XP level 2. HP: 15/15 MP: 5/8
   508 | D:1      | Learned a level 2 spell: Scorch
   550 | D:1      | Reached skill level 4 in Fire Magic
   721 | D:1      | Found a faded altar of an unknown god.
  1030 | D:2      | Reached XP level 3. HP: 19/19 MP: 7/9
  1084 | D:2      | Noticed Natasha
  1087 | D:2      | Killed Natasha
  1088 | D:2      | Reached skill level 5 in Fire Magic
  1094 | D:2      | Noticed Natasha
  1099 | D:2      | Killed from afar by Natasha

Illustrated notes

Levels and vault maps discovered:
D:1:      dpeg_arrival_chambers_temple_mockup, layout_rooms,
          dilly_ecumenical_altar_fadedgnrine
D:2:      layout_basic, uniq_natasha

Skill      XL: |  1  2  3 |
---------------+----------+-----
Fire Magic     | 4 5 |  5.0
Dodging        | |  2.4
Stealth        | |  2.4
Spellcasting   | |  3.3
Conjurations   | |  1.2

Action                   || total
-------------------------++-------
 Cast: Foxfire           ||    27
       Scorch            ||     3
Armor: Robe              ||     2
Dodge: Dodged            ||    11

Table legend: (Time is in decaauts)
 A = Elapsed time spent in this place.
 B = Non-inter-level travel time spent in this place.
 C = Inter-level travel time spent in this place.
 D = Time resting spent in this place.
 E = Time spent auto-exploring this place.
 F = Levels seen in this place.
 G = Mean time per level.
                   A        B        C        D        E       F      G
               +--------+--------+--------+--------+--------+-----+--------+
         Total |   1099 |   1063 |     36 |      0 |    854 |   2 |  549.5 |
       Dungeon |   1099 |   1063 |     36 |      0 |    854 |   2 |  549.5 |
               +--------+--------+--------+--------+--------+-----+--------+

Top non-repeatable levels by time:
     D:1: 890 daAuts
     D:2: 209 daAuts
